 Dungeon Crawl Stone Soup version 0.18.1-48-g4cf74bf (webtiles) character file.

123 LaMaladieD the Magician (level 4, -4/24 HPs)
             Began as a Deep Elf Wizard on Sept 12, 2016.
             Killed from afar by an orc wizard (8 damage)
             ... with a puff of flame
             ... on level 3 of the Dungeon.
             The game lasted 00:12:06 (2109 turns).

LaMaladieD the Magician (Deep Elf Wizard)           Turns: 2109, Time: 00:12:07

Health: -4/24      AC:  7    Str:  4    XL:     4   Next: 80%
Magic:  3/13       EV: 12    Int: 24    God:
Gold:   69         SH:  0    Dex: 13    Spells: 5 memorised, 3 levels left

rFire  . . .     SeeInvis .     g - +1 short sword (protect)
rCold  . . .     Gourm    .     a - +0 robe
rNeg   . . .     Faith    .     (no shield)
rPois  .         Spirit   .     b - +0 hat
rElec  .         Dismiss  .     (no cloak)
rCorr  .         Reflect  .     (no gloves)
SustAt .         Harm     .     (no boots)
MR     .....                    (no amulet)
Stlth  ++........               (no ring)
                                (no ring)

@: very slightly contaminated, not resistant to hostile enchantments, unstealthy
A: no striking features
a: no special abilities


You were on level 3 of the Dungeon.
You were not hungry.

You visited 1 branch of the dungeon, and saw 3 of its levels.

You collected 69 gold pieces.

Inventory:

Hand Weapons
 g - a +1 short sword of protection (weapon)
Armour
 a - a +0 robe (worn)
 b - a +0 hat (worn)
Scrolls
 e - 3 scrolls of remove curse {unknown}
 f - a scroll of recharging {unknown}
 h - 2 scrolls of identify {unknown}
 l - a scroll of noise {unknown}
 m - a scroll of random uselessness {unknown}
 p - 4 scrolls of amnesia {unknown}
Potions
 j - a potion of cure mutation {unknown}
 n - a potion of invisibility {unknown}
Books
 c - a book of Minor Magic

   Spells                             Type                      Level
   a - Magic Dart                     Conjuration                  1
   b - Blink                          Translocation                2
   c - Call Imp                       Summoning                    2
   d - Repel Missiles                 Charms/Air                   2
   e - Slow                           Hexes                        2
   f - Conjure Flame                  Conjuration/Fire             3
   g - Mephitic Cloud                 Conjuration/Poison/Air       3
Comestibles
 d - 2 bread rations
 i - a slice of pizza
 k - a beef jerky
 o - a chunk of flesh


   Skills:
 - Level 2.4 Dodging
 - Level 2.4 Stealth
 + Level 5.5 Spellcasting
 * Level 4.3 Conjurations
 - Level 1.1 Summonings
 - Level 1.1 Translocations


You had 3 spell levels left.
You knew the following spells:

 Your Spells              Type           Power        Failure   Level  Hunger
a - Magic Dart            Conj           ####         1%          1    None
b - Blink                 Tloc           N/A          12%         2    None
c - Call Imp              Summ           ##......     12%         2    None
d - Conjure Flame         Conj/Fire      ###.....     12%         3    #......
e - Mephitic Cloud        Conj/Pois/Air  ##......     17%         3    #......


Dungeon Overview and Level Annotations

Branches:
Dungeon (3/15)

Altars:
Ashenzari
Elyvilon
Fedhas


Message History

A puff of frost appears from out of thin air!
The puff of frost hits you!
Things that are here:
a hand axe; a chain mail You closely miss something.
Something hits you but does no damage.
You hit something. Something hits you but does no damage.
You barely miss something. Something hits you.
You barely miss something. Something hits you but does no damage.
You hit something. Something hits you but does no damage.
You hit something but do no damage. Something hits you.
* * * LOW HITPOINT WARNING * * *
Something hits you.
* * * LOW HITPOINT WARNING * * *
You hit something. Something hits you.
* * * LOW HITPOINT WARNING * * *
You barely miss something.
You hear some strange, mumbled words.
A puff of flame appears from out of thin air!
The puff of flame hits you!
You die...

### ... #.#
#{# #@##
##.#.##
#.###†#
##.#[##
#)### #...#
##..#
####...#####
+...........


There were no monsters in sight!

Vanquished Creatures
  3 gnolls (D:2)
  6 adders (D:2)
  A dart slug (D:1)
  4 orcs (D:3)
  A giant cockroach (D:1)
  3 goblins
  4 hobgoblins
  7 bats
  2 giant newts
  5 kobolds
  6 rats
42 creatures vanquished.

Vanquished Creatures (others)
  An adder (D:2)
  A quokka (D:2)
2 creatures vanquished.

Grand Total: 44 creatures vanquished

Notes
Turn   | Place    | Note
--------------------------------------------------------------
     0 | D:1      | LaMaladieD the Deep Elf Wizard began the quest for the Orb.
     0 | D:1      | Reached XP level 1. HP: 10/10 MP: 7/7
   387 | D:1      | Reached XP level 2. HP: 15/15 MP: 5/9
   391 | D:1      | Learned a level 2 spell: Blink
   394 | D:1      | Learned a level 2 spell: Call Imp
   394 | D:1      | Found a shattered altar of Ashenzari.
  1229 | D:2      | Reached skill level 5 in Spellcasting
  1283 | D:2      | Reached XP level 3. HP: 19/19 MP: 6/11
  1289 | D:2      | Found a white marble altar of Elyvilon.
  1355 | D:2      | Learned a level 3 spell: Conjure Flame
  1359 | D:2      | Learned a level 3 spell: Mephitic Cloud
  1396 | D:2      | Found a blossoming altar of Fedhas.
  1714 | D:2      | Reached XP level 4. HP: 24/24 MP: 8/13
  2109 | D:3      | Killed from afar by an orc wizard

Skill      XL: |  1  2  3  4 |
---------------+-------------+-----
Conjurations   | 2 3 4 |  4.3
Spellcasting   | 5 |  5.5
Dodging        | |  2.4
Stealth        | |  2.4
Summonings     | |  1.1
Translocations | |  1.1

Action                   |  1- 3 |  4- 6 || total
-------------------------+-------+-------++-------
Melee: Short sword       |     5 |    22 ||    27
 Cast: Magic Dart        |    80 |    24 ||   104
       Conjure Flame     |     2 |     1 ||     3
       Mephitic Cloud    |       |     1 ||     1
       Blink             |       |     1 ||     1
  Eat: Chunk             |     2 |     2 ||     4
Armor: Robe              |     5 |     9 ||    14
Dodge: Dodged            |    20 |    11 ||    31
